 Dungeon Crawl Stone Soup version 0.24-a0-616-ge2a249a6fd (webtiles) character file.

Game seed: 3792744673044686539, levelgen mode: deterministic

143054 Hybris the Thaumaturge (level 17, -12/131 HPs)
             Began as a Gnoll Wizard on Sept 14, 2019.
             Was the Champion of Vehumet.
             Mangled by a deep elf knight
             ... wielding a +1 scimitar of slicing
              (15 damage)
             ... on level 1 of the Elven Halls.
             The game lasted 03:28:36 (38153 turns).

Hybris the Thaumaturge (Gnoll Wizard)              Turns: 38153, Time: 03:28:36

Health: -12/131    AC: 15    Str: 14    XL:     17   Next: 36%
Magic:  5/34       EV: 21    Int: 27    God:    Vehumet [******]
Gold:   2503       SH: 11    Dex: 22    Spells: 9/42 levels left

rFire    . . .     SeeInvis .   N - +8 flail "Zisu" {freeze, *Drain +Blink rPois Dex+7}
rCold    + . .     Gourm    .   V - +0 buckler
rNeg     . . .     Faith    .   l - +1 ring mail {rC+}
rPois    +         Spirit   .   b - +0 hat
rElec    .         Reflect  +   S - +2 cloak {rPois}
rCorr    .         Harm     .   I - +0 pair of gloves {Str+3}
MR       ++...                  X - +0 pair of boots
Stlth    +++++.....             Q - +3 amulet of reflection
HPRegen  0.31/turn              P - ring of protection from magic
MPRegen  0.24/turn              s - +2 ring of intelligence

@: studying Ice Magic, lightly drained
A: distributed training, fangs 1, strong nose
a: Renounce Religion, Evoke Blink


You were on level 1 of the Elven Halls.
You worshipped Vehumet.
Vehumet was exalted by your worship.
You were not hungry.

You visited 7 branches of the dungeon, and saw 28 of its levels.
You also visited: Sewer, Ossuary, Bailey, Ice Cave and Volcano.

You collected 2503 gold pieces.

Inventory:

Hand Weapons
 N - the +8 flail "Zisu" (weapon) {freeze, *Drain +Blink rPois Dex+7}
   (You found it on level 8 of the Dungeon)

   It has been specially enchanted to freeze those struck by it, causing extra
   injury to most foes and up to half again as much damage against particularly
   susceptible opponents.
   It can also slow down cold-blooded creatures.
   It affects your dexterity (+7).
   It protects you from poison.
   It lets you blink.
   It causes draining when unequipped.
Missiles
 f - 7 atropa-tipped darts (quivered)
 i - 11 curare-tipped darts
 x - 66 poisoned darts
 E - 2 boomerangs of dispersal
 L - 11 datura-tipped darts
Armour
 b - a +0 hat (worn)
 l - a +1 ring mail of cold resistance (worn)
 I - a +0 pair of gloves of strength (worn)
 S - a +2 cloak of poison resistance (worn)
 V - a +0 buckler (worn)
 X - a +0 pair of boots (worn)
Jewellery
 e - an uncursed ring of positive energy
 s - a +2 ring of intelligence (right hand)
 P - a ring of protection from magic (left hand)
 Q - a +3 amulet of reflection (around neck)
Wands
 w - a wand of paralysis (3)
 y - a wand of flame (58)
 H - a wand of disintegration (6)
 K - a wand of clouds (2)
 O - a wand of iceblast (36)
Scrolls
 k - 15 scrolls of teleportation
 n - 4 scrolls of fog
 p - 9 scrolls of amnesia
 q - 2 scrolls of silence
 r - 8 scrolls of remove curse
 z - a scroll of enchant armour
 A - a scroll of noise {unknown}
 D - 2 scrolls of magic mapping
 T - a scroll of holy word
 U - a scroll of vulnerability
Potions
 a - 20 potions of curing
 c - 7 potions of heal wounds
 g - 8 potions of might
 h - 2 potions of magic
 m - 6 potions of flight
 o - 5 potions of lignification
 t - 4 potions of agility
 v - 6 potions of haste
 B - 3 potions of cancellation
 C - a potion of resistance
 R - 4 potions of brilliance
 Z - a potion of invisibility
Books
 W - a manual of Ice Magic
Miscellaneous
 u - a lightning rod (4/4)
 J - a phantom mirror
 M - a sack of spiders
Comestibles
 d - 27 rations


   Skills:
 + Level 11.3(11.2) Fighting
 + Level 11.3(11.2) Short Blades
 + Level 11.3(11.2) Long Blades
 + Level 11.3(11.2) Axes
 + Level 11.3(11.2) Maces & Flails
 + Level 11.3(11.2) Polearms
 + Level 11.3(11.2) Staves
 + Level 11.3(11.2) Slings
 + Level 11.3(11.2) Bows
 + Level 11.3(11.2) Crossbows
 + Level 11.3(11.2) Throwing
 + Level 11.3(11.2) Armour
 + Level 12.1(12.0) Dodging
 + Level 11.9 Stealth
 + Level 11.3(11.2) Shields
 + Level 11.3(11.2) Unarmed Combat
 + Level 13.0(12.9) Spellcasting
 + Level 9.9(9.8) Conjurations
 + Level 9.6(9.5) Hexes
 + Level 9.6(9.5) Charms
 + Level 9.9(9.8) Summonings
 + Level 9.6(9.5) Necromancy
 + Level 9.9(9.8) Translocations
 + Level 9.6(9.5) Transmutations
 + Level 9.6(9.5) Fire Magic
 + Level 11.4(11.3) Ice Magic
 + Level 9.6(9.5) Air Magic
 + Level 9.6(9.5) Earth Magic
 + Level 9.6(9.5) Poison Magic
 + Level 12.2(12.1) Invocations
 + Level 11.3(11.2) Evocations


You had 9 spell levels left.
You knew the following spells:

 Your Spells              Type           Power        Failure   Level  Hunger
a - Magic Dart            Conj           ####         1%          1    None
b - Blink                 Tloc           N/A          1%          2    None
c - Iron Shot             Conj/Erth      ######....   4%          6    ####...
e - Mephitic Cloud        Conj/Pois/Air  ######..     1%          3    None
f - Airstrike             Air            ######....   1%          4    None
g - Olgreb's Toxic Radia  Pois           ######..     1%          4    None
h - Lee's Rapid Deconstr  Erth           ######....   1%          5    ##.....
i - Freezing Cloud        Conj/Ice/Air   ######....   3%          6    ####...
s - Sublimation of Blood  Necr           ######....   1%          2    None

Your spell library contained the following spells:

 Spells                   Type           Power        Failure   Level  Hunger
 Bolt of Fire             Conj/Fire      ######....   4%          6    ####...
 Apportation              Tloc           ######       1%          1    None
 Confusing Touch          Hex            ######       1%          1    None
 Summon Butterflies       Summ           ######..     1%          1    None
 Call Imp                 Summ           ######..     1%          2    None
 Corpse Rot               Necr           N/A          1%          2    None
 Slow                     Hex            ######..     1%          2    None
 Confuse                  Hex            ######..     1%          3    None
 Conjure Flame            Conj/Fire      ######..     1%          3    None
 Gell's Gravitas          Tloc           ######....   1%          3    None
 Lesser Beckoning         Tloc           ######....   1%          3    None
 Tukima's Dance           Hex            ######..     1%          3    None
 Cause Fear               Hex            ######....   1%          4    None
 Petrify                  Tmut/Erth      ######..     1%          4    None
 Sticky Flame             Conj/Fire      ######..     1%          4    None
 Bolt of Draining         Conj/Necr      ######....   1%          5    ##.....
 Irradiate                Conj/Tmut      ######....   1%          5    ##.....
 Metabolic Englaciation   Hex/Ice        ######....   1%          5    ##.....
 Yara's Violent Unravell  Hex/Tmut       ######....   1%          5    ##.....
 Agony                    Necr           ######..     3%          5    ##.....
 Alistair's Intoxication  Tmut/Pois      ######..     3%          5    ##.....
 Dispel Undead            Necr           ######..     3%          5    ##.....
 Excruciating Wounds      Chrm/Necr      ######....   3%          5    ##.....
 Silence                  Hex/Air        ######....   3%          5    ##.....
 Deflect Missiles         Chrm/Air       ######....   17%         6    ####...
 Invisibility             Hex            ######..     17%         6    ####...
 Orb of Destruction       Conj           ######....   21%         7    ######.
 Discord                  Hex            ######....   100%        8    #######


Dungeon Overview and Level Annotations

Branches:
Dungeon (15/15)            Temple (1/1) D:6            Lair (6/6) D:9
  Swamp (0/4) Lair:2        Snake (1/4) Lair:2        Slime (0/5) Lair:6
    Orc (2/2) D:12            Elf (2/3) Orc:2        Vaults (0/5) D:14
 Depths (1/5) D:15          Sewer (visited)         Ossuary (visited)
 Bailey (visited)           IceCv (visited)         Volcano (visited)

Altars:
Ashenzari
Cheibriados
Elyvilon
Fedhas
Gozag
Hepliaklqana
Kikubaaqudgha
Makhleb
Nemelex Xobeh
Qazlal
Ru
Sif Muna
Trog
Uskayaw
Vehumet
Wu Jian
Xom
Yredelemnul
Zin
The Shining One
Jiyva

Shops:
Orc:2 =:?[   Elf:1 }}%

Portals:
Trove: D:12 (show abyssal rune of Zot)

Annotations:
Lair:1 1 runed translucent door, Gomirouc's ghost, novice GnAK
Elf:1 2 transporters, Laptubiy's ghost, adept HOMo


Innate Abilities, Weirdness & Mutations

Your experience applies equally to all skills.
You have very sharp teeth.
Your uncanny sense of smell can sniff out nearby items.


Message History

Confirm with . or Enter, or press ? or * to list all spells.
Aiming: Iron Shot (safe; 4% risk of failure)
Press: ? - help, Shift-Dir - straight line Something blocks the iron shot.
Something hits you.
* * * LOW HITPOINT WARNING * * *
x2 You hear some strange, mumbled words.
A shard of ice appears from out of thin air!
The shard of ice hits you! You partially resist.
* * * LOW HITPOINT WARNING * * *
Casting: Iron Shot (safe; 4% risk of failure)
Confirm with . or Enter, or press ? or * to list all spells.
Aiming: Iron Shot (safe; 4% risk of failure)
Press: ? - help, Shift-Dir - straight line You block something's attack.
Casting: Iron Shot (safe; 4% risk of failure)
Confirm with . or Enter, or press ? or * to list all spells.
Aiming: Iron Shot (safe; 4% risk of failure)
Press: ? - help, Shift-Dir - straight line Something hits you!
You die...

#.........# #(#.#8.#...#
##.......## #.#.#...#.#e
######...[.#####...#E......
#.................©#E...©.E
#.#######..........#E......
#.# #..........#WE(#.#. #.#
#####.....[....#8(#...# #.#
#....{.........##eeee.e #.#
#.###.@.........#######
#.###.###.)................
#..................###..#.#
#####.###..........# #.##.#
#..........#####.#.###.##.#
#.###.###.#.###.##.....##.#
#.# #.# #.##...###.######.#
#.# #.# #.########'## ###.#
#.# #.# #.# ##...###...#


There were no monsters in sight!

Vanquished Creatures
  A deep elf sorcerer (Elf:1)
  A stone giant (D:15)
  An ironheart preserver (D:14)
  A dire elephant (D:15)
  A red draconian (Volcano)
  Snorg (Lair:4)
  4 ogre magi (Orc:2)
  A naga warrior (Snake:1)
  An ice dragon (D:15)
  Harold (D:8)
  11 hydras
  4 catoblepae
  5 anacondas (Snake:1)
  6 centaur warriors
  2 dancing weapons (Elf:1)
  7 death yaks (Lair:6)
  24 two-headed ogres
  3 tengu warriors
  A deep troll earth mage (D:15)
  A shock serpent (Snake:1)
  3 orc high priests
  Sonja (D:13)
  A naga sharpshooter (Snake:1)
  5 deep elf knights (Elf:1)
  A salamander mystic (Volcano)
  5 skeletal warriors (D:15)
  5 unseen horrors
  2 deep trolls
  Pikel (D:7)
  2 orc knights
  2 deep elf archers (Elf:1)
  A necromancer (IceCv)
  30 deep elf magi
  6 ugly things
  4 manticores
  2 orc sorcerers (Orc:1)
  8 slime creatures
  A cyclops (D:11)
  5 salamanders (Volcano)
  Joseph (Lair:1)
  3 naga magi (Snake:1)
  9 black mambas
  Psyche (D:9)
  A torpor snail (Lair:6)
  2 gargoyles
  9 spiny frogs
  An ice statue (IceCv)
  6 komodo dragons
  3 rime drakes
  A yaktaur (D:15)
  4 kobold demonologists (D:14)
  An efreet (D:14)
  10 freezing wraiths (IceCv)
  A redback zombie (D:15)
  2 tengu conjurers
  18 trolls
  3 meliai
  5 polar bears
  Prince Ribbit (D:8)
  19 blink frogs
  3 hornets
  10 hippogriffs
  A bog body (Lair:2)
  5 dream sheep (Lair:4)
  3 shadows
  2 water elementals (Elf:1)
  A human (D:12)
  8 fire bats (Volcano)
  A vampire (D:10)
  A wraith (D:13)
  47 yaks
  A steam dragon (D:13)
  Grum (D:11)
  2 basilisks
  9 vampire mosquitoes
  3 hungry ghosts
  2 swamp worms (Lair:2)
  4 nagas (Snake:1)
  5 wargs
  11 water moccasins
  Menkaure (Ossuary)
  2 acid dragons
  A soldier ant (D:13)
  9 porcupines
  3 sky beasts
  4 slaves (D:7)
  A hornet zombie (D:13)
  8 ice beasts
  40 orc warriors
  A black bear (D:6)
  2 necrophages (D:14)
  11 centaurs
  2 eyes of draining
  11 wolves
  32 ogres
  10 crocodiles
  4 big kobolds
  3 earth elementals (Elf:1)
  15 bullfrogs
  7 scorpions
  An elephant simulacrum (IceCv)
  8 wights
  8 electric eels
  9 howler monkeys
  5 crimson imps
  A bullfrog zombie (D:10)
  2 centaur zombies
  6 lava snakes (Volcano)
  2 draconian simulacra (IceCv)
  4 hounds
  A quasit (D:10)
  A jelly (D:7)
  20 orc priests
  5 centaur skeletons
  Jessica (D:3)
  3 iguanas
  5 worker ants
  Natasha (thrice) (D:3)
  15 orc wizards
  A polar bear simulacrum (IceCv)
  2 spriggan simulacra (IceCv)
  4 troll simulacra (IceCv)
  A killer bee zombie (D:7)
  2 wolf simulacra (IceCv)
  4 centaur simulacra (IceCv)
  A hound zombie (D:10)
  A hound skeleton (D:3)
  3 mummies (Ossuary)
  3 gnolls
  24 adders
  A howler monkey skeleton (D:4)
  2 ogre simulacra (IceCv)
  6 naga simulacra (IceCv)
  7 river rats (Sewer)
  3 shadow imps
  12 white imps (IceCv)
  An ooze (D:1)
  3 adder skeletons
  4 worms
  3 dart slugs
  9 leopard geckos
  88 orcs
  10 giant cockroaches
  5 gnoll zombies (Ossuary)
  9 goblins
  6 hobgoblins
  11 jackals
  46 kobolds
  5 quokkas
  6 ball pythons
  8 bats
  5 frilled lizards
  3 gnoll skeletons (Ossuary)
  9 goblin skeletons (Ossuary)
  3 goblin zombies (Ossuary)
  2 hobgoblin skeletons (Ossuary)
  6 hobgoblin zombies (Ossuary)
  4 kobold skeletons (Ossuary)
  3 kobold zombies (Ossuary)
  A leopard gecko zombie (D:2)
  4 orc skeletons (Ossuary)
  An orc zombie (Ossuary)
  26 rats
  3 rat skeletons (Ossuary)
  6 rat zombies (Ossuary)
  A plant (Lair:6)
1018 creatures vanquished.

Vanquished Creatures (others)
  A deep elf knight (Elf:1)
  A deep elf archer (Elf:1)
  An eye of draining (D:14)
  2 centaurs (D:14)
  An orc (Orc:1)
  A hobgoblin zombie (Ossuary)
  2 kobolds
  4 fungi
  9 plants
22 creatures vanquished.

Grand Total: 1040 creatures vanquished

Notes
Turn   | Place    | Note
-------+----------+-------------------------------------------
     0 | D:1      | Hybris the Gnoll Wizard began the quest for the Orb.
     0 | D:1      | Reached XP level 1. HP: 13/13 MP: 8/8
   153 | D:1      | Reached XP level 2. HP: 19/19 MP: 6/10
   404 | D:1      | Reached XP level 3. HP: 25/25 MP: 7/11
   860 | D:2      | Learned a level 2 spell: Blink
   863 | D:2      | Learned a level 2 spell: Call Imp
   883 | D:2      | Reached skill level 1 in Invocations
   888 | D:2      | Learned a level 3 spell: Conjure Flame
   892 | D:2      | Learned a level 3 spell: Mephitic Cloud
   994 | D:2      | Reached skill level 1 in Fighting
   994 | D:2      | Reached skill level 1 in Short Blades
   994 | D:2      | Reached skill level 1 in Long Blades
   994 | D:2      | Reached skill level 1 in Axes
   994 | D:2      | Reached skill level 1 in Maces & Flails
   994 | D:2      | Reached skill level 1 in Polearms
   994 | D:2      | Reached skill level 1 in Staves
   994 | D:2      | Reached skill level 1 in Slings
   994 | D:2      | Reached skill level 1 in Bows
   994 | D:2      | Reached skill level 1 in Crossbows
   994 | D:2      | Reached skill level 1 in Throwing
   994 | D:2      | Reached skill level 1 in Armour
   994 | D:2      | Reached skill level 1 in Shields
   994 | D:2      | Reached skill level 1 in Unarmed Combat
   994 | D:2      | Reached skill level 1 in Evocations
   994 | D:2      | Reached XP level 4. HP: 21/32 MP: 2/13
  1316 | D:2      | Reached skill level 1 in Hexes
  1316 | D:2      | Reached skill level 1 in Charms
  1316 | D:2      | Reached skill level 1 in Necromancy
  1316 | D:2      | Reached skill level 1 in Transmutations
  1316 | D:2      | Reached skill level 1 in Fire Magic
  1316 | D:2      | Reached skill level 1 in Ice Magic
  1316 | D:2      | Reached skill level 1 in Air Magic
  1316 | D:2      | Reached skill level 1 in Earth Magic
  1316 | D:2      | Reached skill level 1 in Poison Magic
  1612 | D:2      | Reached XP level 5. HP: 37/37 MP: 10/14
  1787 | D:3      | Noticed Natasha
  2063 | D:3      | Noticed Jessica
  2088 | D:3      | Killed Jessica
  2359 | D:3      | Killed Natasha
  2359 | D:3      | Reached XP level 6. HP: 37/44 MP: 11/16
  2566 | D:3      | Found an ancient bone altar of Kikubaaqudgha.
  2785 | D:3      | Noticed Natasha
  2810 | D:3      | Killed Natasha
  2909 | D:3      | Reached skill level 5 in Dodging
  3447 | D:3      | Reached XP level 7. HP: 28/50 MP: 1/18
  3566 | D:3      | Noticed Natasha
  3581 | D:3      | Killed Natasha
  4341 | D:4      | Found an opulent altar of Gozag.
  4456 | D:4      | Reached skill level 5 in Stealth
  4704 | D:5      | Entered Level 5 of the Dungeon
  4741 | D:5      | Found a sand-covered staircase.
  4756 | Ossuary  | Entered an ossuary
  5730 | Ossuary  | Noticed Menkaure
  5739 | Ossuary  | Killed Menkaure
  5739 | Ossuary  | Reached XP level 8. HP: 57/57 MP: 17/19
  5891 | D:5      | Found a basalt altar of Yredelemnul.
  6310 | D:6      | Found a glowing drain.
  6331 | Sewer    | Entered a sewer
  7221 | D:6      | Found a staircase to the Ecumenical Temple.
  7235 | D:6      | Reached skill level 8 in Spellcasting
  7258 | Temple   | Entered the Ecumenical Temple
  7348 | Temple   | Became a worshipper of Vehumet
  7538 | D:6      | Found a snail-covered altar of Cheibriados.
  7795 | D:6      | Found a bloodstained altar of Trog.
  7886 | D:6      | Reached XP level 9. HP: 30/65 MP: 17/21
  8220 | D:7      | Found a sparkling altar of Nemelex Xobeh.
  8680 | D:7      | Found a stormy altar of Qazlal.
  8764 | D:7      | Reached * piety under Vehumet
  8764 | D:7      | Offered knowledge of Sandblast by Vehumet.
  9079 | D:8      | Noticed Harold
  9212 | D:8      | Noticed Prince Ribbit
  9222 | D:8      | Killed Prince Ribbit
  9228 | D:8      | Noticed a two-headed ogre
  9258 | D:8      | Killed a two-headed ogre
  9258 | D:8      | Reached skill level 5 in Invocations
  9406 | D:8      | Noticed Pikel
  9776 | D:7      | Reached XP level 10. HP: 73/73 MP: 4/22
  9789 | D:7      | Killed Pikel
  9898 | D:8      | Noticed a two-headed ogre
  9898 | D:8      | Noticed a cyan ugly thing
 10039 | D:7      | Reached skill level 5 in Fighting
 10039 | D:7      | Reached skill level 5 in Short Blades
 10039 | D:7      | Reached skill level 5 in Long Blades
 10039 | D:7      | Reached skill level 5 in Axes
 10039 | D:7      | Reached skill level 5 in Maces & Flails
 10039 | D:7      | Reached skill level 5 in Polearms
 10039 | D:7      | Reached skill level 5 in Staves
 10039 | D:7      | Reached skill level 5 in Slings
 10039 | D:7      | Reached skill level 5 in Bows
 10039 | D:7      | Reached skill level 5 in Crossbows
 10039 | D:7      | Reached skill level 5 in Throwing
 10039 | D:7      | Reached skill level 5 in Armour
 10039 | D:7      | Reached skill level 5 in Shields
 10039 | D:7      | Reached skill level 5 in Unarmed Combat
 10039 | D:7      | Reached skill level 5 in Evocations
 10340 | D:8      | Killed a two-headed ogre
 10373 | D:8      | Found a shimmering blue altar of Sif Muna.
 10373 | D:8      | Found an ornate altar of the Wu Jian Council.
 10373 | D:8      | Found a glowing silver altar of Zin.
 10534 | D:8      | Got a brightly glowing flail
 10535 | D:8      | Identified the +8 flail "Zisu" {freeze, *Drain +Blink rPois
                  | Dex+7} (You found it on level 8 of the Dungeon)
 10612 | D:8      | Killed a cyan ugly thing
 10612 | D:8      | Reached skill level 9 in Spellcasting
 10708 | D:9      | Found an opulent altar of Gozag.
 10708 | D:9      | Found a hazy altar of Hepliaklqana.
 10736 | D:9      | Reached skill level 5 in Conjurations
 10736 | D:9      | Reached skill level 5 in Summonings
 10736 | D:9      | Reached skill level 5 in Translocations
 10912 | D:8      | Killed Harold
 11138 | D:9      | Noticed a two-headed ogre
 11336 | D:9      | Offered knowledge of Freeze by Vehumet.
 11336 | D:9      | Reached XP level 11. HP: 78/81 MP: 20/24
 11450 | D:9      | Reached ** piety under Vehumet
 11538 | D:9      | Noticed Psyche
 11541 | D:9      | Paralysed by Psyche for 6 turns
 11552 | D:9      | Killed Psyche
 11658 | D:9      | Killed a two-headed ogre
 11743 | D:9      | Found a staircase to the Lair.
 12000 | D:10     | Entered Level 10 of the Dungeon
 12078 | D:9      | Reached skill level 5 in Hexes
 12078 | D:9      | Reached skill level 5 in Charms
 12078 | D:9      | Reached skill level 5 in Necromancy
 12078 | D:9      | Reached skill level 5 in Transmutations
 12078 | D:9      | Reached skill level 5 in Fire Magic
 12078 | D:9      | Reached skill level 5 in Ice Magic
 12078 | D:9      | Reached skill level 5 in Air Magic
 12078 | D:9      | Reached skill level 5 in Earth Magic
 12078 | D:9      | Reached skill level 5 in Poison Magic
 12497 | D:10     | Offered knowledge of Searing Ray by Vehumet.
 13026 | Lair:1   | Entered Level 1 of the Lair of Beasts
 13413 | D:11     | Noticed Grum
 13414 | D:11     | Noticed a two-headed ogre
 13727 | D:11     | Noticed a cyclops
 13745 | D:10     | Reached *** piety under Vehumet
 13760 | D:10     | Killed a two-headed ogre
 14011 | D:11     | Noticed a two-headed ogre
 14022 | D:11     | Killed a two-headed ogre
 14238 | D:11     | Killed Grum
 14282 | D:11     | Offered knowledge of Airstrike by Vehumet.
 14291 | D:11     | Learned a level 4 spell: Airstrike
 14343 | D:11     | You fall into a shaft and drop 1 floor!
 14343 | D:12     | Found a glowing silver altar of Zin.
 14735 | D:12     | Reached XP level 12. HP: 51/89 MP: 21/25
 14900 | D:12     | Found a portal to a secret trove of treasure.
 15045 | D:12     | Found a staircase to the Orcish Mines.
 15607 | D:12     | Reached skill level 10 in Spellcasting
 15740 | D:13     | Found a flagged portal.
 15743 | D:13     | Noticed Sonja
 15752 | D:13     | Killed Sonja
 15759 | Bailey   | Entered a bailey
 15784 | Bailey   | Reached **** piety under Vehumet
 16028 | Bailey   | Got a brightly glowing scythe
 16052 | Bailey   | Identified the cursed +3 scythe "Vasseem" {drain, Str+4
                  | Dex+7} (You found it in a bailey)
 16123 | Bailey   | Found a bloodstained altar of Trog.
 16211 | D:13     | Noticed a centaur warrior
 16228 | D:13     | Killed a centaur warrior
 16366 | D:13     | Noticed a two-headed ogre
 16390 | D:13     | Offered knowledge of Olgreb's Toxic Radiance by Vehumet.
 16394 | D:13     | Killed a two-headed ogre
 16419 | D:13     | Learned a level 4 spell: Olgreb's Toxic Radiance
 16975 | D:13     | Noticed a tengu warrior
 16991 | D:13     | Killed a tengu warrior
 17450 | D:13     | Reached XP level 13. HP: 98/98 MP: 27/27
 19364 | D:14     | You fall into a shaft and drop 1 floor!
 19364 | D:15     | Entered Level 15 of the Dungeon
 19426 | D:14     | Reached ***** piety under Vehumet
 19773 | D:14     | Found a hide-covered altar of Uskayaw.
 19802 | D:14     | Offered knowledge of Lee's Rapid Deconstruction by Vehumet.
 19810 | D:14     | Learned a level 5 spell: Lee's Rapid Deconstruction
 19835 | D:15     | Found a frozen archway.
 19840 | D:15     | Noticed an ice dragon
 19858 | D:15     | Killed an ice dragon
 19865 | IceCv    | Entered an ice cave
 20792 | IceCv    | Found an ancient bone altar of Kikubaaqudgha.
 21388 | D:15     | Reached skill level 11 in Spellcasting
 21819 | D:14     | Noticed an ironheart preserver
 21897 | D:14     | Offered knowledge of Freezing Cloud by Vehumet.
 21981 | D:14     | Reached XP level 14. HP: 69/106 MP: 13/29
 22261 | D:14     | Killed an ironheart preserver
 22271 | D:14     | Reached skill level 10 in Dodging
 22324 | D:14     | Learned a level 6 spell: Freezing Cloud
 23191 | D:14     | Found a gate to the Vaults.
 23564 | D:15     | Reached skill level 10 in Stealth
 24246 | D:15     | Reached skill level 10 in Invocations
 24811 | D:15     | Noticed a dire elephant
 24876 | D:15     | Killed a dire elephant
 24923 | D:15     | Found a staircase to the Depths.
 25088 | Orc:1    | Entered Level 1 of the Orcish Mines
 25346 | Orc:1    | Offered knowledge of Iron Shot by Vehumet.
 25365 | Orc:1    | Learned a level 6 spell: Iron Shot
 25596 | Orc:2    | Entered Level 2 of the Orcish Mines
 25846 | Orc:2    | Found a staircase to the Elven Halls.
 25921 | Orc:2    | Reached XP level 15. HP: 114/114 MP: 19/30
 26637 | Orc:2    | Found Bocot's Jewellery Emporium.
 26696 | Orc:2    | Found Ydghy's Armour Shoppe.
 26696 | Orc:2    | Found Fybah's Book Shop.
 26697 | Orc:2    | Found Wiadowo's Magic Scroll Shop.
 27044 | Lair:1   | Reached skill level 12 in Spellcasting
 27149 | Lair:1   | Noticed Gomirouc's ghost (novice GnAK)
 27224 | Lair:1   | Reached skill level 10 in Fighting
 27224 | Lair:1   | Reached skill level 10 in Short Blades
 27224 | Lair:1   | Reached skill level 10 in Long Blades
 27224 | Lair:1   | Reached skill level 10 in Axes
 27224 | Lair:1   | Reached skill level 10 in Maces & Flails
 27224 | Lair:1   | Reached skill level 10 in Polearms
 27224 | Lair:1   | Reached skill level 10 in Staves
 27224 | Lair:1   | Reached skill level 10 in Slings
 27224 | Lair:1   | Reached skill level 10 in Bows
 27224 | Lair:1   | Reached skill level 10 in Crossbows
 27224 | Lair:1   | Reached skill level 10 in Throwing
 27224 | Lair:1   | Reached skill level 10 in Armour
 27224 | Lair:1   | Reached skill level 10 in Shields
 27224 | Lair:1   | Reached skill level 10 in Unarmed Combat
 27224 | Lair:1   | Reached skill level 10 in Evocations
 27233 | Lair:1   | Noticed Joseph
 27248 | Lair:1   | Killed Joseph
 27282 | Lair:1   | Found a runed translucent door.
 27651 | Lair:2   | Reached ****** piety under Vehumet
 27997 | Lair:2   | Got a jewelled great sword
 28003 | Lair:2   | Identified the +7 great sword of Rubbish {drain, *Slow MR+
                  | Str+6 Int+4} (You found it on level 2 of the Lair of
                  | Beasts)
 28630 | Lair:2   | Found a staircase to the Snake Pit.
 28778 | Lair:2   | Offered knowledge of Conjure Ball Lightning by Vehumet.
 28833 | Lair:2   | Found a staircase to the Swamp.
 29287 | Lair:3   | Found a dark tunnel.
 29300 | Volcano  | Entered a volcano
 29657 | Volcano  | Found a bloodstained altar of Trog.
 30044 | Lair:3   | Reached skill level 10 in Ice Magic
 31065 | Lair:4   | Noticed Snorg
 31093 | Lair:4   | Killed Snorg
 31093 | Lair:4   | Reached XP level 16. HP: 122/122 MP: 7/32
 31558 | Lair:4   | Offered knowledge of Poison Arrow by Vehumet.
 31831 | Lair:5   | Identified a scroll of acquirement
 32874 | Lair:6   | Entered Level 6 of the Lair of Beasts
 33083 | Lair:6   | Learned a level 2 spell: Sublimation of Blood
 33132 | Lair:6   | Found a staircase to the Slime Pits.
 33132 | Lair:6   | Found a viscous altar of Jiyva.
 34214 | Snake:1  | Entered Level 1 of the Snake Pit
 35544 | Depths:1 | Entered Level 1 of the Depths
 36306 | Elf:1    | Entered Level 1 of the Elven Halls
 36308 | Elf:1    | Offered knowledge of Bolt of Fire by Vehumet.
 36522 | Elf:1    | Found a transporter.
 36522 | Elf:1    | Noticed Laptubiy's ghost (adept HOMo)
 36523 | Elf:1    | Found a transporter.
 36593 | Elf:1    | Reached XP level 17. HP: 104/131 MP: 25/33
 36994 | Elf:1    | Identified the Tome of Attacks
 37025 | Elf:1    | Reached skill level 13 in Spellcasting
 37213 | Elf:1    | Identified the +6 flail of Biluyfisch {freeze, rF+ rC+}
 37224 | Elf:1    | Found Rigir's Gadget Shop.
 37296 | Elf:1    | Found Eggumimo's Gadget Emporium.
 37711 | Elf:1    | Found Loem's Food Boutique.
 38151 | Elf:1    | HP: 2/131 [something/shard of ice (8)]
 38153 | Elf:1    | Mangled by a deep elf knight

Levels and vault maps discovered:
D:1:      mrwooster_arrival_statue_2, layout_rooms
D:2:      layout_basic, first_ration
D:3:      layout_basic, overflow_temple_1_default, minmay_mini_jars,
          uniq_natasha, uniq_jessica
D:4:      kennysheep_spiral_hall, layout_cave_pods, grunt_gozag_statues
D:5:      layout_gridville, kennysheep_mini, nicolae_ossuary_entry_monument
D:6:      layout_loops_ring, old_standard_altar, lemuel_crystal_altar,
          minmay_temple_entry_trees, cheibrodos_sewer_entry_bend
D:7:      layout_basic, kennysheep_mini_moat, overflow_temple_1_default,
          lightli_corner_chamber
D:8:      layout_rooms, gammafunk_temple_overflow_claw, uniq_prince_ribbit1,
          uniq_harold, uniq_pikel
D:9:      layout_loops_ring, grunt_temple_overflow_open, david_lair_shrubbed,
          grunt_pizzeria, uniq_psyche
D:10:     layout_basic
D:11:     layout_cave_pools, uniq_grum
D:12:     layout_irregular_city, erik_orc_4, nicolae_trove_entry_columns,
          basic_altar
D:13:     lemuel_troll_bridge, layout_layer_cave, gauntlet_entry_generic,
          enter_bailey_2, uniq_sonja
D:14:     layout_loops_ring, skrybe_vaults_entry_preservation,
          lemuel_round_altar
D:15:     hangedman_depths_entry_try_elsewhere_first, layout_long_grid,
          serial_park_square3 [serial_park_minivault_5x5_2],
          portal_ice_cave_entry_animals_and_master
Temple:   minmay_temple_curvy_loop
Lair:1:   layout_long_grid, hellmonk_ghost_happy_afterlife, beast_lair_carwin_3,
          uniq_joseph
Lair:2:   layout_loops_ring, nicolae_swamp_entry_splash_gauntlet,
          dummy_snake_entry, serial_bayou_lagoon_b, infiniplex_staircase_pool_2
Lair:3:   layout_cave_pods, enter_volcano_1
Lair:4:   layout_layer_cave, uniq_snorg
Lair:5:   layout_cave_pods, grunt_megastairs_2
Lair:6:   evilmike_catoblepas_cave, layout_hall_layers, slime_altar_1,
          infiniplex_staircase_pool
Snake:1:  layout_misc_corridors
Orc:1:    layout_diamond_mine
Orc:2:    st_orc_ogre_mass, layout_caves
Elf:1:    layout_loops_corners, serial_shops, shop, nicolae_shop_behind_doors,
          nicolae_shop_temple_entry_statues_fountains, gammafunk_ghost_arena,
          minmay_elf_annihilation
Elf:2:    layout_loops_cross
Depths:1: layout_cave_pools, pf_hell_entry_tar_spiral,
          hangedman_abyss_or_decor_clamps, kennysheep_two_boxes, firewood_loft

Skill      XL: |  1  2  3  4  5  6  7  8  9 10 11 12 13 14 15 16 17 |
---------------+----------------------------------------------------+-----
Conjurations   | 2 3 4 5 6 7 8 9 |  9.9
Summonings     | 2 3 4 5 6 7 8 9 |  9.9
Translocations | 2 3 4 5 6 7 8 9 |  9.9
Invocations    | 1 2 3 4 5 6 7 8 9 10 11 12 | 12.2
Fighting       | 1 2 3 4 5 6 7 8 9 10 11 | 11.3
Short Blades   | 1 2 3 4 5 6 7 8 9 10 11 | 11.3
Long Blades    | 1 2 3 4 5 6 7 8 9 10 11 | 11.3
Axes           | 1 2 3 4 5 6 7 8 9 10 11 | 11.3
Maces & Flails | 1 2 3 4 5 6 7 8 9 10 11 | 11.3
Polearms       | 1 2 3 4 5 6 7 8 9 10 11 | 11.3
Staves         | 1 2 3 4 5 6 7 8 9 10 11 | 11.3
Slings         | 1 2 3 4 5 6 7 8 9 10 11 | 11.3
Bows           | 1 2 3 4 5 6 7 8 9 10 11 | 11.3
Crossbows      | 1 2 3 4 5 6 7 8 9 10 11 | 11.3
Throwing       | 1 2 3 4 5 6 7 8 9 10 11 | 11.3
Armour         | 1 2 3 4 5 6 7 8 9 10 11 | 11.3
Shields        | 1 2 3 4 5 6 7 8 9 10 11 | 11.3
Unarmed Combat | 1 2 3 4 5 6 7 8 9 10 11 | 11.3
Evocations     | 1 2 3 4 5 6 7 8 9 10 11 | 11.3
Hexes          | 1 2 3 4 5 6 7 8 9 |  9.6
Charms         | 1 2 3 4 5 6 7 8 9 |  9.6
Necromancy     | 1 2 3 4 5 6 7 8 9 |  9.6
Transmutations | 1 2 3 4 5 6 7 8 9 |  9.6
Fire Magic     | 1 2 3 4 5 6 7 8 9 |  9.6
Ice Magic      | 1 2 3 4 5 6 7 8 10 11 | 11.4
Air Magic      | 1 2 3 4 5 6 7 8 9 |  9.6
Earth Magic    | 1 2 3 4 5 6 7 8 9 |  9.6
Poison Magic   | 1 2 3 4 5 6 7 8 9 |  9.6
Dodging        | 5 6 7 8 9 10 11 12 | 12.1
Stealth        | 5 6 7 8 9 10 11 | 11.9
Spellcasting   | 8 9 10 11 12 13 | 13.0

Action                   |  1- 3 |  4- 6 |  7- 9 | 10-12 | 13-15 | 16-18 || total
-------------------------+-------+-------+-------+-------+-------+-------++-------
Melee: Spear             |    13 |    75 |       |       |       |       ||    88
       Bite              |       |     7 |    41 |    50 |   118 |    75 ||   291
       Short sword       |       |    13 |   385 |    44 |       |       ||   442
       Punch             |       |     2 |     4 |     6 |       |       ||    12
       Flail             |       |       |       |   266 |   775 |   508 ||  1549
       Scythe            |       |       |       |    93 |    68 |       ||   161
Throw: Javelin           |       |     3 |       |     2 |     2 |       ||     7
       Dart              |       |     8 |       |    19 |    14 |       ||    41
       Throwing net      |       |       |       |       |     1 |       ||     1
 Cast: Magic Dart        |    73 |   164 |   467 |   422 |   333 |   119 ||  1578
       Mephitic Cloud    |       |     7 |    22 |    65 |    79 |    27 ||   200
       Blink             |       |     2 |     3 |    20 |    34 |     3 ||    62
       Conjure Flame     |       |       |       |     6 |    32 |       ||    38
       Olgreb's Toxic Ra |       |       |       |     2 |    67 |    39 ||   108
       Lee's Rapid Decon |       |       |       |       |    51 |     3 ||    54
       Airstrike         |       |       |       |       |    20 |       ||    20
       Iron Shot         |       |       |       |       |     9 |    60 ||    69
       Freezing Cloud    |       |       |       |       |     4 |       ||     4
Evoke: Wand              |       |       |     3 |    12 |    43 |     2 ||    60
  Use: Scroll            |       |     6 |     8 |     7 |    13 |    12 ||    46
       Potion            |       |       |       |     5 |     2 |       ||     7
 Stab: Sleeping          |     2 |       |       |     2 |     1 |     6 ||    11
       Confused          |       |     2 |    12 |    35 |    46 |    15 ||   110
       Paralysed         |       |       |       |     5 |     2 |       ||     7
       Distracted        |       |       |       |       |     4 |       ||     4
       Petrified         |       |       |       |       |       |     4 ||     4
  Eat: Chunk             |       |     8 |    15 |    22 |    35 |    27 ||   107
       Ration            |       |       |     2 |     1 |     6 |     3 ||    12
Armor: Robe              |     2 |       |       |       |       |       ||     2
       Ring mail         |     5 |    30 |   132 |    73 |   209 |    68 ||   517
Dodge: Dodged            |    10 |    66 |   232 |   323 |   582 |   258 ||  1471
Block: Buckler           |       |       |       |    17 |   402 |   214 ||   633
       Other             |       |       |       |     5 |    11 |       ||    16
       Reflection        |       |       |       |       |    23 |    12 ||    35

Table legend:
 A = Non-vault XP
 B = Vault XP
 C = Vault XP percentage of total XP
 D = Non-vault monster count
 E = Vault monster count
 F = Vault count percentage of total count
                 A         B        C        D         E       F
            +---------+---------+-------+---------+---------+-------
      Total |  132261 |   72102 |  35.3 |     660 |     359 |  35.2
            +---------+---------+-------+---------+---------+-------
        D:1 |      80 |       0 |   0.0 |      25 |       0 |   0.0
        D:2 |     134 |       0 |   0.0 |      32 |       0 |   0.0
        D:3 |     527 |     113 |  17.7 |      35 |      12 |  25.5
        D:4 |      91 |      90 |  49.7 |       6 |       3 |  33.3
        D:5 |      94 |       0 |   0.0 |      11 |       0 |   0.0
        D:6 |     851 |       5 |   0.6 |      21 |       1 |   4.5
        D:7 |     991 |     824 |  45.4 |      21 |       4 |  16.0
        D:8 |    2968 |    1237 |  29.4 |      12 |       2 |  14.3
        D:9 |    1970 |     948 |  32.5 |      24 |       3 |  11.1
       D:10 |    3656 |     231 |   5.9 |      35 |       2 |   5.4
       D:11 |    2861 |     182 |   6.0 |      24 |       1 |   4.0
       D:12 |    2433 |     731 |  23.1 |      12 |      16 |  57.1
       D:13 |   11221 |    4567 |  28.9 |      43 |      14 |  24.6
       D:14 |   12038 |    4308 |  26.4 |      50 |       9 |  15.3
       D:15 |   15528 |    7030 |  31.2 |      34 |      14 |  29.2
     Lair:1 |    4606 |    1599 |  25.8 |      23 |       6 |  20.7
     Lair:2 |    6403 |     639 |   9.1 |      28 |       4 |  12.5
     Lair:3 |    3403 |       0 |   0.0 |      17 |       0 |   0.0
     Lair:4 |    5796 |    1095 |  15.9 |      19 |       1 |   5.0
     Lair:5 |    7487 |     245 |   3.2 |      22 |       2 |   8.3
     Lair:6 |    6375 |   11166 |  63.7 |      21 |      23 |  52.3
    Snake:1 |   11053 |       0 |   0.0 |      20 |       0 |   0.0
      Orc:1 |    2798 |    1804 |  39.2 |      29 |       2 |   6.5
      Orc:2 |    4100 |   17774 |  81.3 |      45 |      42 |  48.3
      Elf:1 |   22707 |    3886 |  14.6 |      48 |       5 |   9.4
      Elf:2 |    1167 |       0 |   0.0 |       2 |       0 |   0.0
   Depths:1 |     923 |       0 |   0.0 |       1 |       0 |   0.0
      Sewer |       0 |     189 | 100.0 |       0 |      48 | 100.0
    Ossuary |       0 |     261 | 100.0 |       0 |      53 | 100.0
     Bailey |       0 |     550 | 100.0 |       0 |      16 | 100.0
      IceCv |       0 |    5979 | 100.0 |       0 |      54 | 100.0
    Volcano |       0 |    6649 | 100.0 |       0 |      22 | 100.0
            +---------+---------+-------+---------+---------+-------
